 Dungeon Crawl Stone Soup version 0.32-a0-732-ga344392067 (webtiles) character file.

Game seed: 1327644224107385446

193 Xpym the Digger (level 5, -2/38 HPs)
             Began as a Ghoul Earth Elementalist on Mar 16, 2024.
             Slain by a water moccasin zombie (4 damage)
             ... in an ossuary.
             The game lasted 00:06:59 (3424 turns).

Xpym the Digger (Ghoul Earth Elementalist)          Turns: 3424, Time: 00:06:59

Health: -2/38      AC:  5    Str: 12    XL:     5   Next: 72%
Magic:  8/9        EV: 11    Int: 16    God:
Gold:   242        SH:  0    Dex:  9    Spells: 3/10 levels left

rFire   + . .        d - +0 short sword (elec)
rCold   + + .        (no shield)
rNeg    + + +        a - +0 robe
rPois   ∞            (no helmet)
rElec   .            j - scarf {rC+ rF+}
rCorr   .            q - +2 pair of gloves
SInv    .            (no boots)
Will    .....        (no amulet)
Stlth   ++           (no ring)
HPRegen 0.00/turn    (no ring)
MPRegen 0.11/turn

%: no passive effects
@: inhibited regen
A: claws 1, cold resistance 1, negative energy resistance 3, inhibited
regeneration, torment resistance 2, devour on kill
a: no special abilities


You were in an ossuary.
You visited 1 branch of the dungeon, and saw 4 of its levels.
You also visited: Ossuary.

You collected 242 gold pieces.


Innate Abilities, Weirdness & Mutations

You are immune to poison.
You have sharp fingernails.
Your flesh is cold resistant. (rC+)
You are immune to negative energy. (rN+++)
You do not regenerate when monsters are visible.
You are immune to unholy pain and torment.
You thrive by killing the living.


   Skills:
 - Level 1.7 Dodging
 - Level 2.1 Stealth
 - Level 3.0 Spellcasting
 + Level 2.7 Conjurations
 + Level 4.7 Earth Magic


You had 3 spell levels left.
You knew the following spells:

 Your Spells              Type           Power      Damage    Failure   Level
a - Passwall              Erth           17%        N/A       8%          3
w - Stone Arrow           Conj/Erth      28%        3d8       12%         3
z - Sandblast             Erth           34%        2d9       2%          1

Your spell library contained the following spells:

 Spells                   Type           Power      Damage    Failure   Level
 Tukima's Dance           Hex            2%         N/A       50%         3
 Brom's Barrelling Bould  Conj/Erth      14%        2d4       38%         4
 Petrify                  Alch/Erth      10%        N/A       56%         4
 Iskenderun's Mystic Bla  Conj/Tloc      6%         2d4       71%         4
 Dimensional Bullseye     Hex/Tloc       1%         N/A       88%         4

Inventory:

Hand Weapons
 d - a +0 short sword of electrocution (weapon)
 i - a +2 hand axe of distortion
Missiles
 f - 5 darts of dispersal {=f}
Armour
 a - a +0 robe (worn)
 j - a scarf of resistance (worn)
 q - a +2 pair of gloves (worn)
Scrolls
 e - 2 scrolls of teleportation {@r2}
 k - a scroll of fog
 o - a scroll of revelation {unknown}
Potions
 g - a potion of berserk rage {unknown}
 h - 2 potions of enlightenment
 m - a potion of attraction
 n - a potion of cancellation
 p - a potion of haste {unknown}

Dungeon Overview and Level Annotations

Branches:
Dungeon (4/15)            Ossuary (1/1)
 Temple: D:4-7

Altars:
Okawaru

▒...▒ ▒...▒ ▒'▒▒▒
▒▒▒+▒ ▒...▒ ▒.Z.▒
▒...▒ ▒p..▒ ▒...▒ ZZ.▒
▒...▒ ..▒
▒▒'▒▒▒▒▒▒▒▒▒▒▒▒▒▒▒▒▒'▒
▒...▒...▒....▒..@Z...▒
▒...▒...▒....▒...▒...▒
▒...'...'....'...▒..∩▒
▒▒▒▒▒▒▒▒▒▒▒▒▒▒▒▒▒▒▒▒▒▒


You could see a water moccasin zombie.


Message History

You feel better. The water moccasin zombie bites you.
* * * LOW HITPOINT WARNING * * *
You regained 5 hp, and now have 18/38 hp.
Magic courses through your body.
The water moccasin zombie bites you but does no damage.
The water moccasin zombie bites you!
* * * LOW HITPOINT WARNING * * *
You take 7 damage, and have 11/38 hp.
MP restored: 9
Casting: Sandblast (safe; 2% risk of failure)
Confirm with . or Enter, or press ? or * to list all spells.
Aiming: Sandblast (safe; 2% risk of failure)
Press: ? - help, Shift-Dir - straight line, f/p - water moccasin zombie
Aim: a water moccasin zombie (heavily damaged, 82% to hit)
The blast of sand hits the water moccasin zombie.
The water moccasin zombie is severely damaged.
The water moccasin zombie bites you.
* * * LOW HITPOINT WARNING * * *
You take 4 damage, and have 7/38 hp.
Casting: Sandblast (safe; 2% risk of failure)
Confirm with . or Enter, or press ? or * to list all spells.
Aiming: Sandblast (safe; 2% risk of failure)
Press: ? - help, Shift-Dir - straight line, f/p - water moccasin zombie
Aim: a water moccasin zombie (severely damaged, 82% to hit)
The blast of sand hits the water moccasin zombie!
The water moccasin zombie is almost destroyed.
The water moccasin zombie bites you.
* * * LOW HITPOINT WARNING * * *
The water moccasin zombie bites you.
You die...

Skill      XL: |  1  2  3  4  5 |
---------------+----------------+-----
Conjurations   | 1 2 |  2.7
Spellcasting   | 2 3 |  3.0
Earth Magic    | 4 |  4.7
Dodging        | |  1.7
Stealth        | |  2.1

Action                     |  1- 3 |  4- 6 || total
---------------------------+-------+-------++-------
  Melee: Short sword       |     1 |       ||     1
   Cast: Sandblast         |    40 |    72 ||   112
    Use: Scroll            |       |     6 ||     6
         Potion            |       |     4 ||     4
 Armour: Robe              |     4 |    27 ||    31
  Dodge: Dodged            |     4 |    14 ||    18

Levels and vault maps discovered:
D:1:      dpeg_arrival_radiant, layout_basic, supply_closet_lemuel,
          minmay_misc_feat_secret_circle, hangedman_decor_slide_cut
D:2:      layout_basic, serial_bayou_crossing
D:3:      layout_loops_ring, okawaru_ov_weapons_minmay
D:4:      layout_basic, mainiacjoe_ossuary_entry_dusty_tomb,
          kennysheep_cross_room
Ossuary:  ossuary_tomb_2

Notes
Turn   | Place    | Note
-------+----------+-------------------------------------------
     0 | D:1      | Xpym the Ghoul Earth Elementalist began the quest for the
                  | Orb.
     0 | D:1      | Reached XP level 1. HP: 14/14 MP: 3/3
   143 | D:1      | Reached skill level 1 in Conjurations
   323 | D:1      | Reached skill level 2 in Spellcasting
   323 | D:1      | Reached XP level 2. HP: 20/20 MP: 1/5
  1153 | D:2      | Reached XP level 3. HP: 26/26 MP: 4/6
  1251 | D:2      | Learned a level 3 spell: Passwall
  1486 | D:2      | Reached skill level 4 in Earth Magic
  1539 | D:2      | Reached XP level 4. HP: 33/33 MP: 5/7
  2355 | D:3      | Reached skill level 2 in Conjurations
  2402 | D:3      | Found an iron altar of Okawaru.
  2417 | D:3      | Identified a scarf of resistance
  2966 | D:4      | Found a sand-covered staircase.
  2975 | Ossuary  | Entered an ossuary
  3035 | Ossuary  | Reached XP level 5. HP: 38/38 MP: 3/9
  3208 | Ossuary  | Reached skill level 3 in Spellcasting
  3212 | Ossuary  | Learned a level 3 spell: Stone Arrow
  3424 | Ossuary  | HP: 2/38 [water moccasin zombie (5)]
  3424 | Ossuary  | Slain by a water moccasin zombie

Vanquished Creatures
  A water moccasin zombie (Ossuary)
  A crocodile zombie (Ossuary)
  6 adders
  An adder zombie (Ossuary)
  A ribbon worm (D:3)
  A dart slug (D:2)
  3 orcs (D:3)
  8 ball pythons
  2 bats
  4 endoplasms
  6 goblins
  5 hobgoblins
  A quokka (D:2)
  A frilled lizard (D:2)
  9 gnoll zombies (Ossuary)
  2 jackal zombies (Ossuary)
  6 kobolds
  3 rats
61 creatures vanquished.

Table legend: (Time is in decaauts)
 A = Elapsed time spent in this place.
 B = Non-inter-level travel time spent in this place.
 C = Inter-level travel time spent in this place.
 D = Time resting spent in this place.
 E = Time spent auto-exploring this place.
 F = Levels seen in this place.
 G = Mean time per level.
                   A        B        C        D        E       F      G
               +--------+--------+--------+--------+--------+-----+--------+
         Total |   3490 |   3364 |    126 |    137 |   2689 |   5 |  698.0 |
       Dungeon |   3021 |   2895 |    126 |      0 |   2495 |   4 |  755.2 |
       Ossuary |    469 |    469 |      0 |    137 |    194 |   1 |  469.0 |
               +--------+--------+--------+--------+--------+-----+--------+

Top non-repeatable levels by time:
     D:2: 1073 daAuts
     D:3: 932 daAuts
     D:1: 929 daAuts
 Ossuary: 469 daAuts
     D:4: 85 daAuts

Table legend:
 A = Non-vault XP
 B = Vault XP
 C = Vault XP percentage of total XP
 D = Non-vault monster count
 E = Vault monster count
 F = Vault count percentage of total count
                 A         B        C        D         E       F
            +---------+---------+-------+---------+---------+-------
      Total |     155 |     121 |  43.8 |      47 |      14 |  23.0
            +---------+---------+-------+---------+---------+-------
        D:1 |      16 |       0 |   0.0 |      10 |       0 |   0.0
        D:2 |      68 |       0 |   0.0 |      20 |       0 |   0.0
        D:3 |      69 |       0 |   0.0 |      16 |       0 |   0.0
        D:4 |       2 |       0 |   0.0 |       1 |       0 |   0.0
    Ossuary |       0 |     121 | 100.0 |       0 |      14 | 100.0
            +---------+---------+-------+---------+---------+-------
